 Dungeon Crawl Stone Soup version 0.30-a0-169-g06f667207d (webtiles) character file.

Game seed: 1421870486202965467

70 qw the Chopper (level 4, 0/28 HPs)
             Began as a Gargoyle Fighter on Sept 30, 2022.
             Slain by Sigmund
             ... wielding a +4 antimagic scythe
              (8 damage)
             ... on level 3 of the Dungeon.
             The game lasted 00:00:37 (1835 turns).

qw the Chopper (Gargoyle Fighter)                   Turns: 1835, Time: 00:00:37

Health: 0/28       AC: 13    Str: 21    XL:     4   Next: 21%
Magic:  0/4        EV:  7    Int:  9    God:
Gold:   87         SH:  4    Dex:  9    Spells: 3/3 levels left

rFire   . . .      SeeInvis .    Y - +1 war axe
rCold   . . .      Faith    .    c - +0 buckler
rNeg    + . .      Spirit   .    l - +0 chain mail
rPois   inf        Reflect  .    (no helmet)
rElec   +          Harm     .    (no cloak)
rCorr   .          Rampage  .    p - +0 pair of gloves
Will    .....                    (no boots)
Stlth   ..........               (no amulet)
HPRegen 0.09/turn                (no ring)
MPRegen 0.09/turn                (no ring)

@: no status effects
A: sickness immunity, AC +3, negative energy resistance 1, electricity
resistance, torment resistance 1, petrification resistance
a: no special abilities


You were on level 3 of the Dungeon.
You visited 1 branch of the dungeon, and saw 3 of its levels.

You collected 145 gold pieces.
You spent 58 gold pieces at shops.


Innate Abilities, Weirdness & Mutations

You are immune to sickness and miasma.
Your stone body is resilient. (AC +3)
You are immune to poison.
You resist negative energy. (rN+)
You are resistant to electric shocks. (rElec)
You are resistant to unholy torment.
You are immune to petrification.


   Skills:
 - Level 3.2 Fighting
 + Level 3.6 Axes
 - Level 1.1 Throwing
 - Level 3.2 Armour
 - Level 3.2 Shields


You had 3 spell levels left.
You didn't know any spells.
Your spell library was empty.

Inventory:

Hand Weapons
 m - a +0 morningstar
 Y - a +1 war axe (weapon)
Missiles
 n - a javelin (quivered)
Armour
 c - a +0 buckler (worn)
 l - a +0 chain mail (worn)
 p - a +0 pair of gloves (worn)
Scrolls
 h - a scroll of identify
Potions
 d - a potion of might
 i - a potion of curing {unknown}
 j - a potion of resistance
 k - a potion of lignification
 q - a potion of mutation {unknown}

Dungeon Overview and Level Annotations

Branches:
Dungeon (3/15)

Altars:

Shops:
D:1 :   D:2 [

Annotations:
D:3 Sigmund


Message History

1818 ||| FLEEEEING.
Sigmund points at you and mumbles some strange words.
You are confused.
You bump into the rock wall.
You bump into the rock wall.
Sigmund barely misses you.
You barely miss Sigmund.
You're too confused to move!
Sigmund looks at you with fury. Sigmund closely misses you.
You're too confused to move!
You feel less confused. Sigmund hits you but does no damage.
You closely miss Sigmund. Sigmund barely misses you.
You slash Sigmund!
Sigmund is heavily wounded.
Sigmund closely misses you.
You hit Sigmund but do no damage.
Sigmund is heavily wounded.
You barely miss Sigmund.
Sigmund is heavily wounded.
Sigmund casts a spell.
Sigmund flickers and vanishes!
Deactivating autopickup; reactivate with Ctrl-A.
Something hits you.
You miss something. Something hits you!
You feel your power leaking away.
You miss something. You closely miss something.
Something hits you but does no damage.
You miss something. Something hits you!
You feel your power leaking away.
You closely miss something. Something hits you.
You closely miss something. Something hits you!
You die...

#..# #.# #..
#.. #.# #..
#.# ... ...
#.# #.# #.#
#.# #.# #.#
#.# #.# #.#
#.#
#.####.####.#
#...{@...[.<#
##.###.#######
#..# #.# #..#
#.# #..# #.#
#....@......#
#@####..#####
#..# #..#


There were no monsters in sight!

Vanquished Creatures
  3 adders (D:2)
  A dart slug (D:1)
  An orc (D:2)
  6 ball pythons
  4 bats
  3 endoplasms
  A giant cockroach (D:1)
  3 goblins (D:1)
  6 hobgoblins
  A frilled lizard (D:1)
  7 kobolds
  5 rats
41 creatures vanquished.

Notes
Turn   | Place    | Note
-------+----------+-------------------------------------------
     0 | D:1      | qw the Gargoyle Fighter began the quest for the Orb.
     0 | D:1      | Reached XP level 1. HP: 14/14 MP: 1/1
     0 | D:1      | 0 ||| qw: Version: 0.2-a-12-gaebbb33
     0 | D:1      | 0 ||| qw: Game counter: 1368
     0 | D:1      | 0 ||| qw: Always use a shield: true
     0 | D:1      | 0 ||| qw: God list: Okawaru
     0 | D:1      | 0 ||| qw: Allow faded altars: false
     0 | D:1      | 0 ||| qw: Do Orc after D:15 true
     0 | D:1      | 0 ||| qw: Do second Lair branch before Depths: true
     0 | D:1      | 0 ||| qw: Lair rune preference: random
     0 | D:1      | 0 ||| qw: Plans: Normal, Zot:1-4, God:TSO, Crypt, Tomb,
                  | Pan, Slime:5, Hells, Abyss, Orb
     0 | D:1      | 0 ||| PLANNING D:1-11
   141 | D:1      | Reached XP level 2. HP: 19/19 MP: 2/2
   217 | D:1      | Found Poivimuf's Book Emporium.
   406 | D:1      | 406 ||| Stepping ~*~*~tactically~*~*~ (stealth).
   407 | D:1      | 407 ||| Stepping ~*~*~tactically~*~*~ (stealth).
   412 | D:1      | 412 ||| Stepping ~*~*~tactically~*~*~ (stealth).
   414 | D:1      | 414 ||| Stepping ~*~*~tactically~*~*~ (stealth).
   416 | D:1      | Reached skill level 3 in Axes
   429 | D:1      | Reached XP level 3. HP: 23/23 MP: 3/3
   437 | D:1      | 437 ||| DROPPING +0 club.
   573 | D:1      | 573 ||| Stepping ~*~*~tactically~*~*~ (stealth).
   788 | D:1      | 788 ||| UPGRADING to +0 chain mail.
   798 | D:1      | 798 ||| DROPPING +0 scale mail.
   799 | D:1      | 799 ||| READING 3 scrolls labelled ZEQIPH NUYP.
   900 | D:1      | 900 ||| READING scroll labelled MUONAI MUITA.
   901 | D:1      | 901 ||| READING 2 scrolls labelled XUSYZA GAXTAOWK.
   902 | D:1      | 902 ||| READING 2 scrolls labelled GUWYEG KEI.
   903 | D:1      | 903 ||| DROPPING 2 scrolls of silence.
   904 | D:1      | 904 ||| DROPPING scroll of magic mapping.
   942 | D:2      | 942 ||| STAIRDANCE
  1047 | D:2      | Reached skill level 1 in Throwing
  1170 | D:2      | 1170 ||| Stepping ~*~*~tactically~*~*~ (stealth).
  1274 | D:2      | Found a faded altar of an unknown god.
  1400 | D:2      | Reached XP level 4. HP: 28/28 MP: 4/4
  1619 | D:2      | Found Lagot's Armour Boutique.
  1629 | D:2      | 1629 ||| BUYING +0 pair of gloves (58 gold).
  1629 | D:2      | Bought a +0 pair of gloves for 58 gold pieces
  1629 | D:2      | 1629 ||| SHOPLISTING +1 crystal plate armour (1131 gold,
                  | have 68).
  1629 | D:2      | 1629 ||| SHOPLISTING +1 pair of gloves (149 gold, have 68).
  1629 | D:2      | 1629 ||| SHOPLISTING +1 ring mail of Edeorhuf {+Blink rC+++
                  | Will- Str-2} (644 gold, have 68).
  1629 | D:2      | 1629 ||| SHOPLISTING +3 chain mail of cold resistance (344
                  | gold, have 68).
  1641 | D:2      | 1641 ||| DROPPING +0 whip.
  1715 | D:2      | 1715 ||| UPGRADING to +0 pair of gloves.
  1720 | D:2      | 1720 ||| READING scroll labelled PAZITO BOSTRIKH.
  1721 | D:2      | 1721 ||| READING scroll labelled UGUISI NEPT.
  1722 | D:2      | 1722 ||| READING scroll labelled XIUFIAC XOJOC.
  1723 | D:2      | 1723 ||| READING scroll labelled TOILUCWEZA.
  1724 | D:2      | 1724 ||| DRINKING 2 metallic blue potions.
  1725 | D:2      | 1725 ||| DRINKING 2 yellow potions.
  1726 | D:2      | 1726 ||| DRINKING 2 lumpy orange potions.
  1760 | D:2      | 1760 ||| READING 2 scrolls of identify.
  1760 | D:2      | 1760 ||| IDENTIFYING viscous black potion
  1761 | D:2      | 1761 ||| DROPPING potion of ambrosia.
  1762 | D:2      | 1762 ||| DROPPING potion of flight.
  1809 | D:3      | Noticed Sigmund
  1810 | D:3      | 1810 ||| FLEEEEING.
  1814 | D:3      | 1814 ||| FLEEEEING.
  1818 | D:3      | 1818 ||| FLEEEEING.
  1835 | D:3      | Slain by Sigmund

Levels and vault maps discovered:
D:1:      evilmike_arrival_rings, layout_loops_ring, serial_shops,
          nicolae_shop_behind_doors, chequers_serial_rivers_micro_a,
          hangedman_decor_opposing
D:2:      layout_loops_ring, serial_shops, shop_statue,
          ebering_ecumenical_altar_abandoned
D:3:      layout_loops_ring, gammafunk_temple_overflow_forgotten, uniq_sigmund

Skill      XL: |  1  2  3 |
---------------+----------+-----
Axes           | 2 3 |  3.6
Throwing       | 1 |  1.1
Fighting       | |  3.2
Armour         | |  3.2
Shields        | |  3.2

Action                   |  1- 3 |  4- 6 || total
-------------------------+-------+-------++-------
Melee: War axe           |    81 |    16 ||    97
Throw: Javelin           |    13 |     2 ||    15
  Use: Scroll            |     4 |     5 ||     9
       Potion            |       |     3 ||     3
Armor: Scale mail        |    27 |       ||    27
       Chain mail        |    17 |     5 ||    22
Dodge: Dodged            |    26 |     7 ||    33
Block: Buckler           |    16 |     1 ||    17

Table legend:
 A = Non-vault XP
 B = Vault XP
 C = Vault XP percentage of total XP
 D = Non-vault monster count
 E = Vault monster count
 F = Vault count percentage of total count
                 A         B        C        D         E       F
            +---------+---------+-------+---------+---------+-------
      Total |     100 |       0 |   0.0 |      41 |       0 |   0.0
            +---------+---------+-------+---------+---------+-------
        D:1 |      42 |       0 |   0.0 |      26 |       0 |   0.0
        D:2 |      58 |       0 |   0.0 |      15 |       0 |   0.0
            +---------+---------+-------+---------+---------+-------
